 Dungeon Crawl Stone Soup version 0.30-a0-722-g3e6e8c874d (webtiles) character file.

Game seed: 5008229107094989058

1719 Olga the Covert (level 9, -10/84 HPs)
             Began as a Naga Fighter on Jan 28, 2023.
             Was a Follower of Cheibriados.
             Mangled by a wyvern (13 damage)
             ... on level 8 of the Dungeon.
             The game lasted 00:10:21 (4523 turns).

Olga the Covert (Naga Fighter)                      Turns: 4523, Time: 00:10:21

Health: -10/84     AC:  7    Str: 25    XL:     9   Next: 4%
Magic:  18/18      EV:  8    Int: 12    God:    Cheibriados [*.....]
Gold:   320        SH:  4    Dex: 14    Spells: 8/8 levels left

rFire   . . .      SeeInvis +    a - +0 war axe
rCold   + . .      Faith    .    c - +0 buckler
rNeg    . . .      Spirit   .    n - +0 ring mail
rPois   +          Reflect  .    y - +0 helmet
rElec   +          Harm     .    (no cloak)
rCorr   .          Rampage  .    (no gloves)
Will    ++...                    (no barding)
Stlth   +++                      i - amulet "Zigiuruw" {Fly rElec rC+ Regen+ MP+9}
HPRegen 1.14/turn                o - ring of flight
MPRegen 0.16/turn                w - ring of willpower

@: flying, very slow
A: AC +3, large, see invisible, deformed body, poison resistance, slowness 2,
spit poison 1, naga tail 1
a: Spit Poison, Renounce Religion, Bend Time


You were on level 8 of the Dungeon.
You worshipped Cheibriados.
Cheibriados was aware of your devotion.
You visited 1 branch of the dungeon, and saw 8 of its levels.

You collected 320 gold pieces.

Inventory:

Hand Weapons
 a - a +0 war axe (weapon)
Missiles
 f - 6 silver javelins
 h - 10 poisoned darts
 j - a boomerang
 p - 2 silver boomerangs
Armour
 c - a +0 buckler (worn)
 n - a +0 ring mail (worn)
 y - a +0 helmet (worn)
Jewellery
 i - the amulet "Zigiuruw" (around neck) {Fly rElec rC+ Regen+ MP+9}
   (You acquired it on level 5 of the Dungeon)

   [amulet of regeneration]

   rC:        It protects you from cold.
   rElec:     It insulates you from electricity.
   MP:        It affects your magic capacity (+9).
   Fly:       It grants you flight.
   Regen:     It increases your rate of health regeneration.
 o - a ring of flight (left hand)
 w - a ring of willpower (right hand)
Wands
 u - a wand of mindburst (16)
 v - a wand of paralysis (6)
Scrolls
 e - a scroll of poison
 q - a scroll of torment
 r - 2 scrolls of enchant weapon
 s - a scroll of amnesia
 x - a scroll of butterflies
Potions
 b - a potion of magic
 g - a potion of flight
 k - a potion of heal wounds
 l - 3 potions of resistance
 m - 3 potions of curing


   Skills:
 + Level 6.3 Fighting
 * Level 8.2 Axes
 - Level 2.4 Armour
 + Level 8.6 Stealth
 - Level 2.6 Shields


You had 8 spell levels left.
You didn't know any spells.
Your spell library contained the following spells:

 Spells                   Type           Power      Damage    Failure   Level
 Apportation              Tloc           0%         N/A       54%         1
 Necrotise                Necr           0%         1d4       54%         1
 Summon Small Mammal      Summ           0%         N/A       54%         1
 Gell's Gravitas          Tloc           0%         N/A       88%         3
 Teleport Other           Tloc           0%         N/A       88%         3
 Tukima's Dance           Hex            0%         N/A       88%         3
 Passage of Golubria      Tloc           0%         N/A       99%         4
 Yara's Violent Unravell  Hex/Tmut       0%         3d3       100%        5
 Dispersal                Tloc           0%         N/A       100%        6


Dungeon Overview and Level Annotations

Branches:
Dungeon (9/15)
 Temple: D:4-7         Lair: D:8-11         Orc: D:9-12

Altars:
Cheibriados
Elyvilon
Kikubaaqudgha
Makhleb
Ru
Trog
Wu Jian
The Shining One

Annotations:
D:4 2 transporters, Frosty's ghost, novice NaEn


Innate Abilities, Weirdness & Mutations

Your serpentine skin is tough. (AC +3)
You have supernaturally acute eyesight. (SInv)
Armour fits poorly on your strangely shaped body.
Your system is resistant to poisons. (rPois)
You cover ground very slowly.
You can spit poison.
You have a snake-like lower body.


Message History

You hit the wyvern but do no damage.
The wyvern is moderately wounded.
You slash the wyvern! You block the wyvern's attack. The wyvern bites you!
The wyvern bites you. You block the wyvern's attack.
You barely miss the wyvern.
The wyvern is moderately wounded.
You closely miss the wyvern. You block the wyvern's attack.
The wyvern barely misses you. You block the wyvern's attack.
You closely miss the wyvern.
The wyvern is moderately wounded.
You completely miss the wyvern. The wyvern bites you!
The wyvern closely misses you. The wyvern bites you.
You are too injured to fight recklessly!
You are too injured to fight recklessly!
You are too injured to fight recklessly!
You are too injured to fight recklessly!
You barely miss the wyvern.
The wyvern is moderately wounded.
You hit the wyvern. You barely miss the orc. You block the wyvern's attack.
The wyvern bites you. The wyvern barely misses you. The orc barely misses you.
The wyvern barely misses you.
You hit the wyvern.
The wyvern is moderately wounded.
You slash the orc!
You kill the orc!
Cheibriados appreciates the change of pace.
You barely miss the wyvern. The wyvern closely misses you.
The wyvern barely misses you. You block the wyvern's attack.
You slash the wyvern!
The wyvern is almost dead.
You closely miss the wyvern. The wyvern barely misses you.
The wyvern bites you. The wyvern barely misses you.
You barely miss the wyvern.
The wyvern is almost dead.
You hit the wyvern but do no damage. The wyvern bites you!
* * * LOW HITPOINT WARNING * * *
The wyvern bites you!
* * * LOW HITPOINT WARNING * * *
The wyvern closely misses you. The wyvern bites you!
You die...

#. #.# #(##.# #.##.# ##
#.##.#
...####.##.#############
............>...........
.....##.#.############.#
.<.8...........# #.#
....##@..#..#.#######.#
....<.ll)..(...#.......#
....<#.?....####.#######
..=. .......# #.# ...
.#...#.... #.# ##
#.#....#.##.#.# #
##.....# #.# ...#..# #.#
#. #..##.#.#


You could see 2 wyverns.

Vanquished Creatures
  5 yaks (D:9)
  An acid dragon (D:8)
  2 phantoms
  A bullfrog (D:5)
  2 scorpions
  2 howler monkeys
  A jelly (D:6)
  An orc priest (D:4)
  2 hounds (D:5)
  5 iguanas
  3 orc wizards
  5 adders
  2 ufetubi
  2 dart slugs
  13 orcs
  7 bats
  8 endoplasms
  A giant cockroach (D:2)
  11 hobgoblins
  4 jackals (D:5)
  5 kobolds
  2 quokkas
  5 ball pythons
  3 frilled lizards
  7 goblins
  8 rats
108 creatures vanquished.

Notes
Turn   | Place    | Note
-------+----------+-------------------------------------------
     0 | D:1      | Olga the Naga Fighter began the quest for the Orb.
     0 | D:1      | Reached XP level 1. HP: 21/21 MP: 1/1
   227 | D:1      | Reached skill level 1 in Stealth
   305 | D:1      | Reached XP level 2. HP: 27/28 MP: 2/2
   403 | D:1      | Found a faded altar of an unknown god.
   416 | D:1      | Prayed at the altar of an unknown god.
   416 | D:1      | Became a worshipper of the Shining One
   416 | D:1      | Reached * piety under the Shining One
   941 | D:2      | Reached XP level 3. HP: 20/34 MP: 3/3
  1212 | D:2      | Reached XP level 4. HP: 38/42 MP: 4/4
  1237 | D:2      | Found a bloodstained altar of Trog.
  1971 | D:3      | Reached XP level 5. HP: 17/50 MP: 5/5
  2732 | D:4      | Found a transporter.
  2775 | D:4      | Noticed a phantom
  2786 | D:4      | Killed a phantom
  2787 | D:4      | Reached XP level 6. HP: 47/57 MP: 6/6
  2805 | D:4      | Found an ornate altar of the Wu Jian Council.
  2818 | D:4      | Reached ** piety under the Shining One
  2928 | D:4      | Noticed Frosty's ghost (novice NaEn)
  3090 | D:4      | Found a transporter.
  3144 | D:4      | Reached skill level 5 in Axes
  3366 | D:5      | Entered Level 5 of the Dungeon
  3372 | D:5      | Reached skill level 5 in Stealth
  3394 | D:5      | Found a snail-covered altar of Cheibriados.
  3402 | D:5      | Found a white marble altar of Elyvilon.
  3402 | D:5      | Found a glowing golden altar of the Shining One.
  3405 | D:5      | Found an ancient bone altar of Kikubaaqudgha.
  3411 | D:5      | Fell from the grace of the Shining One
  3411 | D:5      | Became a worshipper of Cheibriados the Contemplative
  3468 | D:5      | Identified a scroll of acquirement
  3469 | D:5      | Acquired the amulet "Zigiuruw" {Fly rElec rC+ Regen+ MP+9}
  3506 | D:5      | Reached XP level 7. HP: 63/66 MP: 7/7
  3546 | D:5      | Found a sacrificial altar of Ru.
  3654 | D:5      | Reached skill level 5 in Fighting
  3681 | D:5      | Reached * piety under Cheibriados
  3882 | D:5      | Found a burning altar of Makhleb.
  3970 | D:6      | Found a bloodstained altar of Trog.
  3983 | D:6      | Reached XP level 8. HP: 63/74 MP: 8/8
  4195 | D:6      | You are sucked into a shaft and drop 3 floors!
  4241 | D:9      | Noticed a yak
  4241 | D:9      | Noticed a yak
  4241 | D:9      | Noticed a yak
  4242 | D:9      | Noticed a yak
  4242 | D:9      | Noticed a yak
  4270 | D:9      | Killed a yak
  4275 | D:9      | Killed a yak
  4276 | D:9      | Killed a yak
  4279 | D:9      | Killed a yak
  4283 | D:9      | Killed a yak
  4405 | D:8      | Reached XP level 9. HP: 45/84 MP: 9/9
  4523 | D:8      | HP: 3/84 [wyvern (15)]
  4523 | D:8      | Mangled by a wyvern

Illustrated notes

Levels and vault maps discovered:
D:1:      giann_horns, layout_basic, hellmonk_ecumenical_altar_zigzags
D:2:      layout_basic, basic_altar
D:3:      layout_loops_ring
D:4:      layout_cave_pools, mainiacjoe_overflow_concentric_impassable,
          gammafunk_ghost_stat_death, kennysheep_nub
D:5:      layout_rooms, mainiacjoe_overflow_alcove_2,
          grunt_temple_overflow_open, nicolae_ru_sacrificial_ziggurat
D:6:      layout_basic, mainiacjoe_overflow_paths, mainiacjoe_overflow_boulevard
D:8:      layout_basic, lair_entry_dummy, hellmonk_ghost_big_iron,
          grunt_ministairs_1
D:9:      layout_basic, orc_0_dummy, nrook_mini_vaults, grunt_decor_cap

Skill      XL: |  1  2  3  4  5  6  7  8 |
---------------+-------------------------+-----
Stealth        | 1 2 3 4 5 6 8 |  8.6
Axes           | 3 4 5 6 8 |  8.2
Fighting       | 4 5 6 |  6.3
Armour         | |  2.4
Shields        | |  2.6

Action                     |  1- 3 |  4- 6 |  7- 9 || total
---------------------------+-------+-------+-------++-------
  Melee: War axe           |    46 |   135 |    97 ||   278
Ability: Spit Poison       |       |       |     1 ||     1
    Use: Scroll            |       |    14 |     3 ||    17
         Potion            |       |     1 |     3 ||     4
   Stab: Sleeping          |       |       |     4 ||     4
 Armour: Scale mail        |    27 |       |       ||    27
         Ring mail         |       |    59 |    36 ||    95
  Dodge: Dodged            |    15 |    54 |    50 ||   119
  Block: Buckler           |    12 |    19 |    28 ||    59

Table legend: (Time is in decaauts)
 A = Elapsed time spent in this place.
 B = Non-inter-level travel time spent in this place.
 C = Inter-level travel time spent in this place.
 D = Time resting spent in this place.
 E = Time spent auto-exploring this place.
 F = Levels seen in this place.
 G = Mean time per level.
                   A        B        C        D        E       F      G
               +--------+--------+--------+--------+--------+-----+--------+
         Total |   6298 |   6054 |    244 |    189 |   4745 |   8 |  787.2 |
       Dungeon |   6298 |   6054 |    244 |    189 |   4745 |   8 |  787.2 |
               +--------+--------+--------+--------+--------+-----+--------+

Top non-repeatable levels by time:
     D:2: 1248 daAuts
     D:3: 1220 daAuts
     D:1: 1150 daAuts
     D:5: 924 daAuts
     D:4: 818 daAuts
     D:6: 432 daAuts
     D:9: 266 daAuts
     D:8: 238 daAuts
